[Event "Late-Titled-Tuesday-Blitz-April-16-2024"]
[Site "Chess.com"]
[Date "2024.04.16"]
[Round "8"]
[White "rhwr"]
[Black "Kimkibo"]
[Result "0-1"]
[WhiteElo "2244"]
[BlackElo "2388"]
[TimeControl "180+1"]
[EndTime "15:24:22 PDT"]
[Termination "Kimkibo won by resignation"]

1. e4 c5 2. Be2 d6 3. f4 Nc6 4. Nf3 g6 5. O-O Bg7 6. c3 e6 7. d3 Nge7 8. Qe1 O-O 9. Nbd2 d5 10. e5 f6 11. exf6 Rxf6 12. g3 h6 13. Rf2 Kh7 14.
Bf1 b6 15. Bg2 Bb7 16. Nf1 Qd6 17. Ne3 Raf8 18. Ng4 Rf5 19. Re2 Bc8 20. Bd2 Nd8 21. Nge5 Nec6 22. d4 Ba6 23. Re3 g5 24. fxg5 cxd4 25.
cxd4 Nxd4 26. Nxd4 Rxe5 27. Qb1+ Kh8 28. Qg6 Rxg5 29.
Rxe6 Rxg6 30. Rxd6 Bxd4+ 31. Kh1 Rxd6 0-1

[Event "Late-Titled-Tuesday-Blitz-April-16-2024"]
[Site "Chess.com"]
[Date "2024.04.16"]
[Round "8"]
[White "HansOnTwitch"]
[Black "dretch"]
[Result "1-0"]
[WhiteElo "3159"]
[BlackElo "2920"]
[TimeControl "180+1"]
[EndTime "15:24:23 PDT"]
[Termination "HansOnTwitch won by resignation"]

1. e4 e6 2. d4 d5 3. Nc3 Nf6 4. e5 Nfd7 5. f4 c5 6. Nf3 Nc6 7. Be3 cxd4 8. Nxd4 Bc5 9. Qd2 O-O 10. O-O-O a6 11. h4 Nxd4 12. Bxd4 b5 13. h5 b4 14. Ne2 a5 15. h6 g6 16. g4 Qb6 17. f5 a4 18. Rh3 Ba6 19. Re3 b3 20. cxb3 Bxe2 21.
Bxe2 axb3 22. Rxb3 Bxd4 23. Rxb6 Bxb6 24. Kb1 Rfb8 25.
Bb5 Ba5 26. Qg5 Bd8 27. Qf4 g5 28. Qf1 Nc5 29. fxe6 fxe6 30. Qf3 Be7 31. Bc6 Rf8 32. Qg2 Rab8 33. Rf1 Rb6 34. Rxf8+ Bxf8 35. Bxd5 exd5 36. Qxd5+ Ne6 37. a4 Be7 38. a5 Ra6 39. Qb5 Ra8 40. Qc6 Rxa5 41. Qxe6+ Kf8 42. Qf5+ Ke8 43. Qxh7 Rxe5 44.
Qh8+ Kf7 45. Qxe5 1-0

[Event "Late-Titled-Tuesday-Blitz-April-16-2024"]
[Site "Chess.com"]
[Date "2024.04.16"]
[Round "8"]
[White "RantomOpening"]
[Black "SRob2003"]
[Result "0-1"]
[WhiteElo "2535"]
[BlackElo "2668"]
[TimeControl "180+1"]
[EndTime "15:24:24 PDT"]
[Termination "SRob2003 won by checkmate"]

1. c4 c5 2. Nf3 Nf6 3. Nc3 Nc6 4.
e3 g6 5. d4 cxd4 6. exd4 d5 7.
cxd5 Nxd5 8. Qb3 Nxc3 9. Bc4 Nd5 10. Bxd5 e6 11. Bxc6+ bxc6 12. O-O Qd5 13. Qe3 f6 14. b3 Bd6 15. Bb2 g5 16. Nd2 O-O 17. Ne4 Bf4 18.
Qe2 a5 19. Nc5 e5 20. Rad1 a4 21. b4 Qxa2 22. Ra1 Qd5 23. Nxa4 Ba6 24. Qc2 Bxf1 25.
Rxf1 Qb5 26. Nc3 Qxb4 27. d5 Rfb8 28. Ba1 cxd5 29. Nxd5 Qd6 30. Qc4 Kg7 31. g3 Rc8 32.
Qe4 Rc1 33. Bb2 Rxf1+ 34. Kxf1 Rd8 35. Nc3 Bd2 36. Ne2 Qd3 37. Qg4 Qb1+ 38. Kg2 Qxb2 39. h4 Qb7+ 40. Kh3 Qh1# 0-1

[Event "Late-Titled-Tuesday-Blitz-April-16-2024"]
[Site "Chess.com"]
[Date "2024.04.16"]
[Round "8"]
[White "PotapovaM"]
[Black "nindjaxx8"]
[Result "1-0"]
[WhiteElo "2551"]
[BlackElo "2660"]
[TimeControl "180+1"]
[EndTime "15:24:25 PDT"]
[Termination "PotapovaM won by resignation"]

1. d4 d5 2. c4 e6 3. Nf3 Nf6 4. g3 Be7 5. Bg2 O-O 6. O-O b6 7. cxd5 exd5 8. Nc3 Bb7 9. Bf4 c6 10. Ne5 Nbd7 11. Rc1 Rc8 12. Bh3 b5 13. Qd3 Ra8 14.
a3 Nb6 15. Nb1 Qe8 16. b3 h6 17. Rc2 Bd6 18. Rfc1 Bxe5 19. Bxe5 Nfd7 20. Bd6 a5 21. Nd2 a4 22. b4 Qd8 23. Bxf8 Nxf8 24. e4 Nc4 25. e5 Nd7 26. Nxc4 dxc4 27. Qe4 Nb6 28. e6 fxe6 29. Qxe6+ Kh8 30. Re1 Nd5 31. Qf7 Qc7 32. Re8+ Rxe8 33. Qxe8+ Kh7 34. Bf5+ g6 35. Qxg6+ Kh8 36.
Qxh6+ Kg8 37. Be6+ 1-0

[Event "Late-Titled-Tuesday-Blitz-April-16-2024"]
[Site "Chess.com"]
[Date "2024.04.16"]
[Round "8"]
[White "Szparu"]
[Black "LiemLe"]
[Result "1-0"]
[WhiteElo "2905"]
[BlackElo "3047"]
[TimeControl "180+1"]
[EndTime "15:24:28 PDT"]
[Termination "Szparu won by resignation"]

1. e4 c5 2. c3 Nf6 3. e5 Nd5 4. d4 cxd4 5. Nf3 e6 6. cxd4 b6 7. Bd2 Ba6 8. Nc3 Nxc3 9. Bxc3 Qc8 10. Ng5 Qb7 11. Qh5 g6 12. Qg4 Be7 13. Ne4 O-O 14. Qf4 Qd5 15. h4 Bxf1 16. Kxf1 h6 17. Re1 Kg7 18.
Nf6 Qc4+ 19. Kg1 Nc6 20. Rh3 d6 21. Nh5+ gxh5 22. exd6 Bxd6 23. Qxd6 Qd5 24. Qf4 Rg8 25. Rg3+ Kh7 26. Qxf7+ Kh8 27. Rxe6 Qxe6 28. Qxe6 Rxg3 29. fxg3 Ne7 30. Qxe7 1-0

[Event "Late-Titled-Tuesday-Blitz-April-16-2024"]
[Site "Chess.com"]
[Date "2024.04.16"]
[Round "8"]
[White "TheAlienParty"]
[Black "HipsterChess22"]
[Result "1-0"]
[WhiteElo "2406"]
[BlackElo "2233"]
[TimeControl "180+1"]
[EndTime "15:24:28 PDT"]
[Termination "TheAlienParty won on time"]

1. c4 c6 2. Nf3 d5 3. e3 e6 4. b3 f5 5. Bb2 Nf6 6. Ne5 Nbd7 7. f4 Nxe5 8. fxe5 Nd7 9. Be2 Be7 10. O-O O-O 11. d4 a5 12. Nd2 b6 13. g4 fxg4 14. Bxg4 Rxf1+ 15. Qxf1 Nf8 16. Qh3 Qe8 17. e4 Qg6 18.
exd5 exd5 19. cxd5 Bxg4 20. Qg2 cxd5 21. Qxd5+ Be6+ 22. Qg2 Rd8 23. Rc1 Bd5 24. Qxg6 Nxg6 25. Rc7 Bg5 26. Nc4 Bxc4 27. Rxc4 b5 28. Rc5 Be3+ 29. Kf1 Bxd4 30. Bxd4 Rxd4 31. Rxb5 a4 32. e6 Kf8 33. bxa4 Rxa4 34. Rb8+ Ke7 35. Rb7+ Kxe6 36. Rxg7 Nf8 37. Rg2 Ra3 38. Rb2 Nd7 39. Kg2 Nf6 40. Rb6+ Kf5 41. Rb5+ Kg6 42. Rb2 h5 43. Kf2 h4 44.
Ke1 h3 45. Kd1 Kf5 46. Kc1 Ne4 47. Rb5+ Kf4 48. Kb2 Rd3 49. Rh5 Rd2+ 50. Kb3 Rxh2 51. a4 Kg3 52. a5 Rh1 53. Kb2 Rf1 54. a6 Rf8 55. a7 Nf2 56. Rh7 Ng4 57. Rf7 1-0

[Event "Late-Titled-Tuesday-Blitz-April-16-2024"]
[Site "Chess.com"]
[Date "2024.04.16"]
[Round "8"]
[White "Bryanl106"]
[Black "MFatigue"]
[Result "1-0"]
[WhiteElo "2711"]
[BlackElo "2550"]
[TimeControl "180+1"]
[EndTime "15:24:29 PDT"]
[Termination "Bryanl106 won by resignation"]

1. e4 e6 2. d4 d5 3. Nd2 Nf6 4. e5 Nfd7 5. f4 c5 6. c3 Nc6 7.
Ndf3 Qb6 8. a3 a5 9. b3 Be7 10.
h4 Qa7 11. h5 b6 12. Bb5 Qc7 13. h6 g6 14. Ne2 Ba6 15. a4 Bxb5 16. axb5 Na7 17.
Qd3 c4 18. bxc4 dxc4 19. Qb1 Qb7 20. Ba3 Bxa3 21. Rxa3 Qd5 22. Kf2 Nxb5 23. Ra2 Nc7 24. g4 b5 25. f5 Qc6 26. fxg6 fxg6 27. Nf4 O-O 28. Qc1 Qe4 29. Kg3 Nd5 30. Re1 Qxf4+ 31. Qxf4 Rxf4 32. Ng5 Nf8 33. Rea1 b4 34. cxb4 Rxd4 35.
Rxa5 Rxa5 36. Rxa5 Nxb4 37. Ra8 Rd3+ 38. Kg2 Rd2+ 39. Kg3 Rd3+ 40. Kh4 Nd5 41. Ra7 Nd7 42. Rxd7 Nf4 43. Rg7+ Kf8 44. Nxh7+ Ke8 45. Nf6+ Kd8 46. Kg5 Nh3+ 47. Kxg6 Nf4+ 48. Kf7 Rh3 49. h7 c3 50. Nh5 Nxh5 51. h8=R+ Kc7 52. gxh5 c2 53. Rg1 Rf3+ 54.
Kxe6 1-0

[Event "Late-Titled-Tuesday-Blitz-April-16-2024"]
[Site "Chess.com"]
[Date "2024.04.16"]
[Round "8"]
[White "KaydenTroffChess"]
[Black "SaqoChess_Twitch"]
[Result "0-1"]
[WhiteElo "2852"]
[BlackElo "2704"]
[TimeControl "180+1"]
[EndTime "15:24:31 PDT"]
[Termination "SaqoChess_Twitch won by resignation"]

1. d4 d5 2. Nf3 Nf6 3. Bf4 e6 4.
e3 Bd6 5. Ne5 c5 6. Bb5+ Kf8 7.
O-O Qc7 8. Nd2 a6 9. Be2 Nbd7 10. Nxd7+ Bxd7 11. Bg5 cxd4 12. Nf3 dxe3 13. Bxe3 Rc8 14. c3 h6 15. h3 Bc5 16. Nd4 e5 17. Nc2 Bxe3 18. Nxe3 Be6 19. Qa4 g6 20. Rad1 Kg7 21. Kh1 Rhd8 22. Qh4 Qb6 23. Qg3 Qxb2 24. Qxe5 Qxc3 25. Rd4 Re8 26. Qf4 g5 27. Qe5 Bd7 28. Qxf6+ Kxf6 29. Nxd5+ Ke5 30. Rdd1 Qa5 31. Bh5 Bb5 32.
Rfe1+ Qxe1+ 33. Rxe1+ Kxd5 34. Bxf7+ Kd6 35. Bxe8 Rxe8 36.
Rd1+ Kc7 37. a3 Re2 38. Kg1 Bc6 39. Rd3 b5 40. Rc3 a5 41. h4 b4 42. axb4 axb4 43.
Rc4 b3 44. Rb4 b2 45. Kh2 Be4 46. hxg5 hxg5 47. Kg3 b1=Q 48. Rxb1 Bxb1 49. f3 Kd6 50. Kh3 Ke5 51. g3 Kd4 52. Kg4 Ke3 53. Kxg5 Kxf3 54. g4 Rg2 0-1

[Event "Late-Titled-Tuesday-Blitz-April-16-2024"]
[Site "Chess.com"]
[Date "2024.04.16"]
[Round "8"]
[White "Chess_Star1234"]
[Black "Smiechu"]
[Result "1-0"]
[WhiteElo "2521"]
[BlackElo "2402"]
[TimeControl "180+1"]
[EndTime "15:24:34 PDT"]
[Termination "Chess_Star1234 won on time"]

1. d4 Nf6 2. c4 c5 3. d5 e6 4. Nc3 exd5 5. cxd5 d6 6. e4 g6 7. f3 Bg7 8. Nge2 O-O 9. Ng3 Re8 10. Be2 a6 11. a4 Nbd7 12. O-O Rb8 13. Be3 Ne5 14. h3 c4 15. a5 Nfd7 16. f4 Nd3 17. Bxd3 cxd3 18.
Qxd3 Qh4 19. Kh2 g5 20. Nf5 Nc5 21. Bxc5 Bxf5 22. Bf2 Qxf4+ 23. Bg3 Bxe4 24. Qc4 Rbc8 25. Qb4 Qe3 26. Rae1 Bxc3 27. bxc3 Qxc3 28. Rxe4 1-0

[Event "Late-Titled-Tuesday-Blitz-April-16-2024"]
[Site "Chess.com"]
[Date "2024.04.16"]
[Round "8"]
[White "albayo"]
[Black "picturesquecheck"]
[Result "1-0"]
[WhiteElo "2515"]
[BlackElo "2400"]
[TimeControl "180+1"]
[EndTime "15:24:36 PDT"]
[Termination "albayo won by checkmate"]

1. c4 Nf6 2. g3 d6 3. Bg2 g6 4.
Nf3 Bg7 5. O-O O-O 6. Nc3 Nc6 7. d3 e5 8. Rb1 Re8 9. b4 Rb8 10.
b5 Ne7 11. Qa4 a6 12. bxa6 Ra8 13. axb7 Bxb7 14. Qc2 Bc6 15. Bg5 h6 16. Bxf6 Bxf6 17. Nd2 Bxg2 18. Kxg2 Bg7 19. Nd5 Nxd5 20. cxd5 Ra7 21.
e4 f5 22. a4 Qa8 23. Ra1 f4 24. Rfc1 h5 25. Qc6 Qc8 26. a5 Bh6 27. Rc2 Rf8 28.
Nf3 fxg3 29. fxg3 Qg4 30. Rf2 Be3 31. Rff1 Bc5 32. a6 h4 33. Nxh4 Qe2+ 34. Kh3 Rxf1 35. Qe8+ Kg7 36. Qxg6+ Kf8 37. Qh7 Rf7 38. Ng6+ Ke8 39.
Qg8+ Kd7 40. Qxf7+ Kd8 41. Qe7+ Kc8 42. Qe8# 1-0

[Event "Late-Titled-Tuesday-Blitz-April-16-2024"]
[Site "Chess.com"]
[Date "2024.04.16"]
[Round "8"]
[White "ekurtz"]
[Black "Lennis93"]
[Result "1-0"]
[WhiteElo "2626"]
[BlackElo "2744"]
[TimeControl "180+1"]
[EndTime "15:24:37 PDT"]
[Termination "ekurtz won on time"]

1. c4 e5 2. g3 Nf6 3. Bg2 c6 4. d4 exd4 5. Qxd4 d5 6. Nf3 dxc4 7. Qxc4 Be6 8. Qc2 Nbd7 9. Nc3 Bc5 10. O-O O-O 11. Ng5 Qe7 12. Rd1 Bg4 13. Nce4 Bb6 14. Bf4 Nxe4 15. Bxe4 g6 16. h3 Be6 17. Bg2 Rad8 18.
Ne4 Bd5 19. Bd6 Qe6 20. Bxf8 Nxf8 21. Nc3 Bxg2 22. Kxg2 Re8 23. e3 Qf6 24. Qe2 Ne6 25. Qf3 Qe5 26. h4 h5 27. Rd7 Rf8 28. Rad1 Nc5 29. R7d2 Qe6 30. a3 a5 31. Rd6 Qb3 32.
R1d2 Kg7 33. Qf6+ Kg8 34. Qf3 Qc4 35. R6d4 Qb3 36. Ne4 Ne6 37. Rd7 Qb5 38. Nd6 1-0

[Event "Late-Titled-Tuesday-Blitz-April-16-2024"]
[Site "Chess.com"]
[Date "2024.04.16"]
[Round "8"]
[White "Jahonas"]
[Black "GMMikhailKazakov"]
[Result "0-1"]
[WhiteElo "2386"]
[BlackElo "2510"]
[TimeControl "180+1"]
[EndTime "15:24:37 PDT"]
[Termination "GMMikhailKazakov won by resignation"]

1. e4 e5 2. Nf3 Nc6 3. Bb5 a6 4. Ba4 Nf6 5. O-O Be7 6. Re1 b5 7. Bb3 d6 8. h3 O-O 9. c3 Be6 10. Bc2 h6 11. d4 exd4 12. Nxd4 Nxd4 13. cxd4 c5 14. Nc3 cxd4 15. Qxd4 Nd7 16. Nd5 Rc8 17. Bb3 Nc5 18. Bf4 Bg5 19. Bg3 Bh4 20. Bxd6 Nxb3 21.
axb3 Bxd5 22. Qxd5 Re8 23. Rad1 Qf6 24. g3 Rc2 25. Qd4 Qxd4 26. Rxd4 Be7 27. Bxe7 Rxe7 28. b4 Rxb2 29. Re3 Re6 30. Kg2 g6 31. h4 Rc6 32.
Rd8+ Kg7 33. Rd7 Rf6 34. Rf3 Rxf3 35. Kxf3 Rxb4 36. Ra7 Ra4 37. Kf4 b4 38. Ke5 Ra5+ 39. Kd6 b3 40. Rb7 Rb5 0-1

[Event "Late-Titled-Tuesday-Blitz-April-16-2024"]
[Site "Chess.com"]
[Date "2024.04.16"]
[Round "8"]
[White "TigrVShlyape"]
[Black "Mops_2004"]
[Result "1-0"]
[WhiteElo "2941"]
[BlackElo "2822"]
[TimeControl "180+1"]
[EndTime "15:24:38 PDT"]
[Termination "TigrVShlyape won by resignation"]

1. e4 g6 2. d4 Bg7 3. c3 d6 4. Bg5 Nf6 5. Nd2 O-O 6. Ngf3 h6 7. Bh4 c5 8. dxc5 dxc5 9. Bc4 Nc6 10. O-O Nh5 11. Qe2 Qc7 12. Qe3 b6 13. Rfe1 g5 14.
Bg3 Nxg3 15. hxg3 g4 16. Nh4 e6 17. Be2 Ne5 18. Nc4 Nxc4 19. Bxc4 Qe5 20. a4 a6 21. Kh2 Bb7 22. f4 gxf3 23. gxf3 Rad8 24. f4 Qd6 25. Nf3 Qc6 26. Qe2 Qc8 27. g4 Qc7 28. Kg3 Kh8 29. g5 f5 30. e5 Bd5 31. Rh1 Rg8 32. Kf2 Bxc4 33. Qxc4 Qc6 34. Rad1 b5 35. axb5 axb5 36. Qe2 Rxd1 37. Rxd1 Bf8 38. c4 b4 39. b3 Be7 40. Rh1 Bf8 41. Qd3 Qa8 42. Qd7 Qa2+ 43. Kg3 Qxb3 44. Qxe6 Qd3 45. Rxh6+ 1-0

[Event "Late-Titled-Tuesday-Blitz-April-16-2024"]
[Site "Chess.com"]
[Date "2024.04.16"]
[Round "8"]
[White "BabageldiAnnaberdiyev"]
[Black "cukus"]
[Result "1-0"]
[WhiteElo "2610"]
[BlackElo "2375"]
[TimeControl "180+1"]
[EndTime "15:24:38 PDT"]
[Termination "BabageldiAnnaberdiyev won by resignation"]

1. e4 c6 2. d4 d5 3. Nd2 dxe4 4. Nxe4 Nf6 5. Nxf6+ exf6 6. Bc4 Bd6 7. Qe2+ Be7 8.
Nf3 O-O 9. O-O Bg4 10. c3 Bh5 11. Re1 Bd6 12. h3 Nd7 13. g4 Bg6 14. Nh4 Nb6 15.
Nxg6 hxg6 16. Bb3 g5 17. Qf3 Nd5 18. Bxd5 cxd5 19. Kg2 Bc7 20. Rh1 g6 21. h4 Re8 22.
hxg5 fxg5 23. Qh3 Qf6 24. Bxg5 Qg7 25. Qf3 Re6 26. Qxd5 Rae8 27. Qxb7 Bd6 28. Qf3 Re4 29.
Bf6 Rxg4+ 30. Qxg4 Qxf6 31. Rae1 Rb8 32. Re2 Kg7 33. Qh4 Qf5 34. Rh3 Bf4 35. Rf3 g5 36. Rxf4 gxf4 37. Re5 Qf6 38. Qxf6+ Kxf6 39. Re2 Kf5 40.
Kf3 a5 41. a4 f6 42. d5 Rc8 43.
d6 Rd8 44. Rd2 Ke5 45. d7 f5 46.
b4 1-0

[Event "Late-Titled-Tuesday-Blitz-April-16-2024"]
[Site "Chess.com"]
[Date "2024.04.16"]
[Round "8"]
[White "egnfanclub"]
[Black "chess_sharparchitect"]
[Result "1-0"]
[WhiteElo "2379"]
[BlackElo "2236"]
[TimeControl "180+1"]
[EndTime "15:24:41 PDT"]
[Termination "egnfanclub won by resignation"]

1. e4 c5 2. Nc3 Nc6 3. f4 e6 4. Nf3 d5 5. Bb5 Ne7 6. exd5 exd5 7. Qe2 Bg4 8. Bxc6+ bxc6 9. O-O Qd6 10. Qe5 O-O-O 11.
Qxd6 Rxd6 12. Ne5 Be6 13. b3 f6 14. Nf3 Bf5 15. d3 Rg8 16. Ba3 Rd7 17. Bxc5 Ng6 18.
Bxf8 Rxf8 19. g3 Bh3 20. Rfe1 Re7 21. Nd4 Kd7 22. b4 a6 23. Na4 Kd6 24. Nc5 Rxe1+ 25.
Rxe1 Ne7 26. Nb7+ Kd7 27. Nc5+ Kd6 28. a4 Rb8 29. Nxa6 Ra8 30. Nc5 Nf5 31. Nxf5+ Bxf5 32. Kf2 g6 33. Kf3 h5 34. Ke3 Rb8 35. c3 Bg4 36. Kd4 Bf5 37. a5 Ra8 38. a6 Ra7 39. Re8 g5 40. fxg5 fxg5 41. Rg8 g4 42. Rh8 Bg6 43. Rh6 Rg7 44. a7 1-0

[Event "Late-Titled-Tuesday-Blitz-April-16-2024"]
[Site "Chess.com"]
[Date "2024.04.16"]
[Round "8"]
[White "Ramil_Faizrakhmanov"]
[Black "chucksterf10"]
[Result "0-1"]
[WhiteElo "2863"]
[BlackElo "2597"]
[TimeControl "180+1"]
[EndTime "15:24:42 PDT"]
[Termination "chucksterf10 won on time"]

1. d4 e6 2. c4 b6 3. e4 Bb4+ 4.
Bd2 Bxd2+ 5. Qxd2 d5 6. cxd5 exd5 7. e5 Ne7 8. Nc3 c5 9. Nf3 Nbc6 10. Bb5 O-O 11.
dxc5 d4 12. Ne2 bxc5 13. Rc1 Bg4 14. Bxc6 Nxc6 15. Rxc5 Qb6 16. Rd5 Rad8 17. Rd6 Bxf3 18. gxf3 Rxd6 19. exd6 Ne5 20. Kf1 Nxf3 21. Qf4 Qc6 22.
Ng3 d3 23. d7 Rd8 24. Nf5 Kh8 25. Qg4 g6 26. Ng3 Rxd7 27. Qe4 Nd2+ 0-1

[Event "Late-Titled-Tuesday-Blitz-April-16-2024"]
[Site "Chess.com"]
[Date "2024.04.16"]
[Round "8"]
[White "Shankland"]
[Black "Jospem"]
[Result "1-0"]
[WhiteElo "2908"]
[BlackElo "3049"]
[TimeControl "180+1"]
[EndTime "15:24:43 PDT"]
[Termination "Shankland won by checkmate"]

1. d4 Nf6 2. c4 e6 3. Nc3 d5 4.
Bg5 Be7 5. e3 Nbd7 6. cxd5 exd5 7. Bd3 h6 8. Bf4 c6 9. h3 Nf8 10. Nf3 Bd6 11. Bxd6 Qxd6 12. Qc2 Ne6 13. O-O-O Bd7 14.
g4 a5 15. Ne5 O-O 16. h4 c5 17. Nxd7 Nxd7 18. dxc5 Ndxc5 19. Bh7+ Kh8 20. Rxd5 Qc6 21.
Rhd1 Rac8 22. Bf5 Na4 23. Rd6 Qe8 24. Kb1 Nxc3+ 25. bxc3 Qb5+ 26. Qb2 Qe5 27. R1d3 Qh2 28. f4 Qxh4 29. g5 b5 30. gxh6 Qxh6 31. Rd2 Qh1+ 32.
Rd1 Qh5 33. Be4 Kg8 34. Rh1 Qxh1+ 35. Bxh1 Nc5 36. Qxb5 Rb8 37. Rb6 Rbc8 38. Bd5 Rc7 39. Rc6 Rb7 40. Rxc5 Rxb5+ 41. Rxb5 Re8 42. e4 g5 43. fxg5 Kg7 44. Rb7 Rh8 45. Rxf7+ Kg6 46. Rf5 Rh1+ 47. Kc2 Rh3 48. Bf7+ Kg7 49. g6 Rh2+ 50. Kb3 a4+ 51. Kxa4 Rd2 52. Kb3 Rd8 53. a4 Ra8 54. Bd5 Rg8 55. Bxg8 Kh8 56. Bc4 Kg7 57.
Rf7+ Kh8 58. Rh7# 1-0

[Event "Late-Titled-Tuesday-Blitz-April-16-2024"]
[Site "Chess.com"]
[Date "2024.04.16"]
[Round "8"]
[White "Hasangatin_Ramil"]
[Black "subham777"]
[Result "1-0"]
[WhiteElo "2649"]
[BlackElo "2532"]
[TimeControl "180+1"]
[EndTime "15:24:43 PDT"]
[Termination "Hasangatin_Ramil won by checkmate"]

1. e4 e6 2. d3 c5 3. Nf3 Nc6 4. g3 g6 5. d4 cxd4 6. Nxd4 a6 7.
Bg2 Bg7 8. Nxc6 bxc6 9. Qd6 Ne7 10. O-O O-O 11. Rd1 Qb6 12. Qxe7 Bxb2 13. Bxb2 Qxb2 14.
Nd2 Qxc2 15. e5 a5 16. Ne4 Ba6 17. Nf6+ Kg7 18. Nxd7 Rfe8 19. Qf6+ Kg8 20. Rdc1 Qb2 21. Qg5 Red8 22. Nf6+ Kg7 23. Nh5+ Kg8 24. Rd1 Rd3 25.
Bf1 Rxd1 26. Rxd1 h6 27. Nf6+ Kg7 28. Qc1 Qxe5 29. Nd7 Qf5 30. Qc3+ Kg8 31. Nf6+ Kf8 32. Bxa6 Rxa6 33. Rd8+ Ke7 34. Re8+ Kd6 35. Qa3+ Ke5 36. Qc3+ Kd6 37. Qd4+ Kc7 38. Qd8+ Kb7 39. Re7# 1-0

[Event "Late-Titled-Tuesday-Blitz-April-16-2024"]
[Site "Chess.com"]
[Date "2024.04.16"]
[Round "8"]
[White "gmcorrales"]
[Black "AradNazari"]
[Result "0-1"]
[WhiteElo "2923"]
[BlackElo "2733"]
[TimeControl "180+1"]
[EndTime "15:24:45 PDT"]
[Termination "AradNazari won by resignation"]

1. d4 Nf6 2. c4 g6 3. Nc3 d5 4. cxd5 Nxd5 5. e4 Nxc3 6. bxc3 Bg7 7. Bc4 O-O 8. Ne2 c5 9. O-O Nc6 10. Be3 Bg4 11. f3 Bd7 12. Qd2 Qa5 13. d5 Ne5 14.
Bb3 Bb5 15. Rac1 Nc4 16. Bxc4 Bxc4 17. Rf2 b6 18. Nf4 Rad8 19. h4 e6 20. h5 exd5 21. exd5 Rfe8 22. d6 Be5 23. d7 Re7 24. Qc2 Rdxd7 25. hxg6 hxg6 26. Qe4 Qa4 27. Rd2 Rxd2 28. Bxd2 Bd4+ 29. cxd4 Rxe4 30. fxe4 cxd4 31. Nh3 Qxa2 32. Bf4 b5 33. Ng5 a5 34. Nf3 Qb2 35. Kh2 f6 36.
Kg3 g5 37. Bd2 a4 38. Re1 Be6 39. e5 g4 40. exf6 gxf3 41. Rxe6 Qxd2 42. gxf3 a3 43. Ra6 a2 44. Kg4 b4 45. Kf5 Qd3+ 0-1

[Event "Late-Titled-Tuesday-Blitz-April-16-2024"]
[Site "Chess.com"]
[Date "2024.04.16"]
[Round "8"]
[White "N_Mullodzhanov"]
[Black "only_strong_moves"]
[Result "1/2-1/2"]
[WhiteElo "2548"]
[BlackElo "2670"]
[TimeControl "180+1"]
[EndTime "15:24:46 PDT"]
[Termination "Game drawn by repetition"]

1. e4 d5 2. Nc3 Nf6 3. e5 d4 4. exf6 dxc3 5. fxg7 cxd2+ 6. Qxd2 Qxd2+ 7. Bxd2 Bxg7 8. O-O-O O-O 9. Bd3 Nc6 10. Be4 Ne5 11. Nf3 Nc4 12. c3 Nxd2 13. Nxd2 c6 14. Rhe1 Be6 15. Kb1 Rad8 16. f4 Bg4 17. Bf3 Bf5+ 18.
Ne4 Bg6 19. Kc1 Bh6 20. g3 e5 21. Nf6+ Kg7 22. Ng4 exf4 23. Nxh6 Kxh6 24. gxf4 Kg7 25. Re7 Rxd1+ 26. Kxd1 Rb8 27. Ke2 Kf6 28. Rd7 Ke6 29. Rd4 Re8 30. Kf2 Re7 31. Bg4+ f5 32. Re4+ Kf6 33.
Rxe7 Kxe7 34. Bf3 Kd6 35. Ke3 a5 36. Kd4 b5 37. b4 axb4 38. cxb4 Bf7 39. a3 Be6 40. Bh5 Bd5 41. h4 h6 42. Bg6 Be6 43. Bh7 Bd7 44. Bg8 Bc8 45. Bb3 Bd7 46. a4 bxa4 47.
Bxa4 Be6 48. Bc2 Bc8 49. Bd3 Bd7 50. Bc2 Be6 51. Bd3 Bd7 52. Bc2 Be6 53. Bd3 Bd7 1/2-1/2

[Event "Late-Titled-Tuesday-Blitz-April-16-2024"]
[Site "Chess.com"]
[Date "2024.04.16"]
[Round "8"]
[White "Supelyel"]
[Black "trriinu"]
[Result "1-0"]
[WhiteElo "2425"]
[BlackElo "2254"]
[TimeControl "180+1"]
[EndTime "15:24:46 PDT"]
[Termination "Supelyel won on time"]

1. c4 g6 2. g3 Bg7 3. Bg2 Nf6 4. Nc3 O-O 5. d3 d6 6. Bg5 h6 7. Bxf6 Bxf6 8. Nf3 e5 9. Qd2 Bg7 10. O-O f5 11. b4 c6 12. Rab1 Nd7 13. b5 Nf6 14. bxc6 bxc6 15. Ne1 d5 16. Qc2 e4 17. Qa4 Bd7 18. Nc2 Ng4 19. Qa3 Be6 20. h3 Ne5 21.
Nd4 Bf7 22. cxd5 cxd5 23. Rfd1 Rc8 24. Ncb5 a6 25. Qxa6 Ra8 26. Qb7 Rb8 27. Qc7 Qxc7 28. Nxc7 Rxb1 29. Rxb1 Nxd3 30. Nxf5 gxf5 31. exd3 Be5 32.
Nb5 Rb8 33. dxe4 dxe4 34. Nc3 1-0

[Event "Late-Titled-Tuesday-Blitz-April-16-2024"]
[Site "Chess.com"]
[Date "2024.04.16"]
[Round "8"]
[White "CrushingKings"]
[Black "Zhigalko_Sergei"]
[Result "0-1"]
[WhiteElo "2590"]
[BlackElo "2907"]
[TimeControl "180+1"]
[EndTime "15:24:48 PDT"]
[Termination "Zhigalko_Sergei won by resignation"]

1. Nf3 d5 2. g3 c6 3. Bg2 Bg4 4. h3 Bh5 5. O-O e6 6. d4 Nf6 7. c4 Be7 8. cxd5 exd5 9. Nc3 O-O 10. Ne5 Nfd7 11. g4 Nxe5 12. dxe5 Bg6 13. f4 h6 14.
f5 Bh7 15. e4 Nd7 16. f6 Bc5+ 17. Kh1 g5 18. Na4 dxe4 19. b4 Bxb4 20. Qb3 b5 21.
Qxb4 bxa4 22. e6 fxe6 23. Qd6 Rf7 24. Bb2 Qe8 25. Rad1 Rc8 26. h4 Nf8 27. h5 c5 28.
Qe5 Qc6 29. Rd7 Qxd7 30. Bc3 Qc7 0-1

[Event "Late-Titled-Tuesday-Blitz-April-16-2024"]
[Site "Chess.com"]
[Date "2024.04.16"]
[Round "8"]
[White "Orest_Vovk"]
[Black "albi1999"]
[Result "1-0"]
[WhiteElo "2560"]
[BlackElo "2662"]
[TimeControl "180+1"]
[EndTime "15:24:48 PDT"]
[Termination "Orest_Vovk won by checkmate"]

1. g4 e5 2. g5 d5 3. Bg2 c6 4.
d4 e4 5. c4 Be6 6. Nc3 Be7 7.
Qb3 Qd7 8. Bf4 dxc4 9. Qc2 f5 10. e3 Na6 11. a3 h6 12. h4 hxg5 13. hxg5 Rxh1 14. Bxh1 Bf8 15. f3 exf3 16. Nxf3 Bd6 17. Ne5 Bxe5 18. Bxe5 O-O-O 19. O-O-O Ne7 20. e4 g6 21.
d5 cxd5 22. exd5 Bf7 23. Qf2 b6 24. Qf3 Kb7 25. Bf6 Nc5 26. Bxe7 Nb3+ 27. Kc2 Rc8 28. d6+ Ka6 29. Rd5 Bxd5 30. Qxd5 Rc5 31. Qa8 f4 32.
Bf3 Nd4+ 33. Kb1 Qf5+ 34. Be4 Qh3 35. Qb7+ Ka5 36. Qxa7# 1-0

[Event "Late-Titled-Tuesday-Blitz-April-16-2024"]
[Site "Chess.com"]
[Date "2024.04.16"]
[Round "8"]
[White "Tolyanius"]
[Black "GMG"]
[Result "1-0"]
[WhiteElo "2652"]
[BlackElo "2818"]
[TimeControl "180+1"]
[EndTime "15:24:49 PDT"]
[Termination "Tolyanius won on time"]

1. b3 c5 2. Bb2 d6 3. Nf3 e5 4.
d3 Nc6 5. g3 g6 6. Bg2 Bg7 7. e4 f5 8. exf5 gxf5 9. Nh4 Nf6 10. Nc3 Be6 11. O-O O-O 12. f4 Ng4 13. Nd5 Kh8 14.
Qd2 Qd7 15. Rae1 Rae8 16. h3 Nh6 17. Kh2 Nf7 18. Qd1 Nd4 19. Bxd4 exd4 20. Qh5 Kg8 21. g4 fxg4 22. Be4 Nh6 23. f5 g3+ 24. Kg1 Bf7 25. Qg5 Bxd5 26. Bxd5+ Kh8 27. Qh5 Rxe1 28. Rxe1 Qd8 29.
Be4 Qf6 30. Ng2 1-0

[Event "Late-Titled-Tuesday-Blitz-April-16-2024"]
[Site "Chess.com"]
[Date "2024.04.16"]
[Round "8"]
[White "th3d4rkness"]
[Black "jinxy2009"]
[Result "0-1"]
[WhiteElo "2127"]
[BlackElo "2301"]
[TimeControl "180+1"]
[EndTime "15:24:49 PDT"]
[Termination "jinxy2009 won by resignation"]

1. e4 c5 2. Nf3 Nc6 3. Bb5 g6 4. Bxc6 dxc6 5. O-O Bg7 6. d3 Nf6 7. h3 Nd7 8. Nbd2 e5 9. Nc4 O-O 10. Bg5 f6 11. Bd2 Qe7 12. a4 b6 13. Qc1 Re8 14. Bh6 Nf8 15. Bxg7 Kxg7 16. c3 Ne6 17. d4 cxd4 18. cxd4 exd4 19. e5 f5 20. Nd6 Rd8 21. Qxc6 Ba6 22. Rfd1 Be2 23. Rd2 Bxf3 24. gxf3 Qg5+ 25.
Kh2 Qxd2 26. Qb7+ Kh6 27. Nf7+ Kh5 28. Rg1 Qf4+ 29. Rg3 Rf8 30. Qe7 Rae8 31. Qxa7 h6 32. Nd6 Ng5 33. Nxe8 Rxe8 34. Qxb6 Nxf3+ 35. Kg2 Nh4+ 36. Kg1 Rxe5 37. Qb4 Re1+ 38. Qxe1 Nf3+ 39. Kf1 Nxe1 40. Kxe1 Qc1+ 41. Ke2 Qxb2+ 42. Kf1 Qa1+ 0-1